 Dungeon Crawl Stone Soup version 0.25-a0-420-g1cc7eeb0d1 (webtiles) character file.

Game seed: 197778854221730754, levelgen mode: deterministic

63 Kohma the Slasher (level 3, -1/31 HPs)
             Began as a Minotaur Abyssal Knight on Jan 19, 2020.
             Was a Follower of Lugonu.
             Slain by a gnoll
             ... wielding a +3 spear
              (10 damage)
             ... on level 2 of the Dungeon.
             The game lasted 00:03:51 (1202 turns).

Kohma the Slasher (Minotaur Abyssal Knight)         Turns: 1202, Time: 00:03:52

Health: -1/31      AC:  7    Str: 17    XL:     3   Next: 89%
Magic:  4/4        EV:  9    Int:  9    God:    Lugonu [*.....]
Gold:   60         SH:  0    Dex:  9    Spells: 2/2 levels left

rFire    . . .     SeeInvis .   a - +1 falchion
rCold    . . .     Gourm    .   (no shield)
rNeg     . . .     Faith    .   j - +0 scale mail
rPois    .         Spirit   .   (helmet restricted)
rElec    .         Reflect  .   k - +0 cloak
rCorr    .         Harm     .   (no gloves)
MR       .....                  (no boots)
Stlth    ..........             (no amulet)
HPRegen  0.10/turn              (no ring)
MPRegen  0.09/turn              (no ring)

@: no status effects
A: retaliatory headbutt, horns 2
a: Depart the Abyss, Renounce Religion


You were on level 2 of the Dungeon.
You worshipped Lugonu.
Lugonu was aware of your devotion.
You were not hungry.

You visited 1 branch of the dungeon, and saw 2 of its levels.
You visited the Abyss 1 time.

You collected 60 gold pieces.

Inventory:

Hand Weapons
 a - a +1 falchion (weapon)
Missiles
 i - 13 poisoned darts (quivered)
Armour
 j - a +0 scale mail (worn)
 k - a +0 cloak (worn)
Scrolls
 f - a scroll of teleportation {unknown}
 l - 2 scrolls of identify {unknown}
Potions
 b - a potion of curing {unknown}
 e - a potion of degeneration {unknown}
 g - a potion of cancellation {unknown}
 h - a potion of might {unknown}
 m - a potion of heal wounds {unknown}
 n - 2 potions of brilliance {unknown}
 o - a potion of mutation {unknown}
Comestibles
 c - 3 rations
 d - 3 chunks of flesh


   Skills:
 - Level 3.6 Fighting
 - Level 4.0 Long Blades
 - Level 2.4 Armour
 - Level 1.1 Dodging
 + Level 3.2 Invocations


You had 2 spell levels left.
You didn't know any spells.
Your spell library was empty.

Dungeon Overview and Level Annotations

Branches:
Dungeon (2/15)

Altars:


Innate Abilities, Weirdness & Mutations

You reflexively headbutt those who attack you in melee.
You have a pair of horns on your head.


Message History

You slash the gnoll!
The gnoll is severely wounded.
You hit the gnoll.
You kill the gnoll!
Lugonu accepts your kill.
Training target 4.0 for Long Blades reached!
Your Long Blades skill increases to level 4!
The gnoll hits you from afar with a +3 spear.
The gnoll shouts!
The gnoll hits you with a +3 spear.
Things that are here:
a +0 halberd; a gnoll corpse You hit the gnoll.
Your headbutt misses the gnoll.
The gnoll is lightly wounded.
The gnoll hits you with a +3 spear!
* * * LOW HITPOINT WARNING * * *
You closely miss the gnoll.
The gnoll is lightly wounded.
The gnoll hits you with a +3 spear!
You die...

.#...........#.#.#.#.#
.................#.#.#
##.............##....#
##.##..........#.....#
...##.............g..#
.####.........##.....#
.# ###.......##....รท#
.# #.......##g#.#.# .#
#.......##@#.#.# .# #
#.#.#.# .# #.....#
.########## ###.###
#.#.......# #.#
##..#####.########.#
##....##..........#
##..##.##..#########
#.#.##.....#


You could see 2 gnolls.

Vanquished Creatures
  3 gnolls
  A worm (D:2)
  A dart slug (D:1)
  2 leopard geckos
  2 giant cockroaches (D:2)
  6 hobgoblins
  5 kobolds
  2 bats (D:1)
  2 frilled lizards (D:1)
  3 goblins
  3 rats
30 creatures vanquished.

Vanquished Creatures (others)
  2 starspawn tentacles (Abyss:1)
2 creatures vanquished.

Grand Total: 32 creatures vanquished

Notes
Turn   | Place    | Note
-------+----------+-------------------------------------------
     0 | Abyss:1  | Kohma the Minotaur Abyssal Knight began the quest for the
                  | Orb.
     0 | Abyss:1  | Reached XP level 1. HP: 19/19 MP: 1/1
    55 | Abyss:1  | Noticed a tentacled starspawn
    56 | Abyss:1  | Noticed a tentacled starspawn
    64 | D:1      | Escaped the Abyss
   180 | D:1      | Reached skill level 3 in Long Blades
   180 | D:1      | Reached XP level 2. HP: 3/26 MP: 2/2
   606 | D:1      | Reached * piety under Lugonu
   774 | D:1      | Reached XP level 3. HP: 31/31 MP: 4/4
  1199 | D:2      | Reached skill level 4 in Long Blades
  1202 | D:2      | Slain by a gnoll

Levels and vault maps discovered:
D:1:      lightli_arrival_noodles, layout_basic
D:2:      layout_loops_cross, feat_on_display

Skill      XL: |  1  2  3 |
---------------+----------+-----
Long Blades    | 3 4 |  4.0
Invocations    | 2 3 |  3.2
Fighting       | |  3.6
Armour         | |  2.4
Dodging        | |  1.1

Action                   || total
-------------------------++-------
Melee: Falchion          ||    64
       Headbutt          ||    17
Invok: Depart the Abyss  ||     1
  Eat: Chunk             ||     1
Armor: Leather armour    ||    14
       Scale mail        ||     9
Dodge: Dodged            ||    36
       Rpst.: Falchion   ||     8

Table legend:
 A = Non-vault XP
 B = Vault XP
 C = Vault XP percentage of total XP
 D = Non-vault monster count
 E = Vault monster count
 F = Vault count percentage of total count
                 A         B        C        D         E       F
            +---------+---------+-------+---------+---------+-------
      Total |      91 |       0 |   0.0 |      30 |       0 |   0.0
            +---------+---------+-------+---------+---------+-------
        D:1 |      44 |       0 |   0.0 |      19 |       0 |   0.0
        D:2 |      47 |       0 |   0.0 |      11 |       0 |   0.0
            +---------+---------+-------+---------+---------+-------
